[ AOE2 MATCH · #495778133 ]
UnrankedArmenians vs Berbers
Player's team · WIN
Rival team · LOSS
[ REPLAY ANALYSIS · EXTRACTED FROM THE RECORDED GAME ]
Feudal
11:38
Castle
16:28
Imperial
31:13
| APM avg | 45.3 |
| APM peak | 89 |
| eAPM avg | 27.4 |
| Villagers / military | 133 / 31 |
Focus
⚔️ 23.7% · 🌾 76.3%
Skirmisher ×20 · Fishing Ship ×20 · Knight ×5 · Galley ×2 · Spearman ×2 · Scout Cavalry ×1
Feudal
12:10
Castle
17:23
Imperial
—
| APM avg | 41.8 |
| APM peak | 87 |
| eAPM avg | 16.4 |
| Villagers / military | 76 / 20 |
Focus
⚔️ 14.1% · 🌾 85.9%
Fishing Ship ×7 · Scout Cavalry ×7 · Camel Archer ×5 · Monk ×2 · Galley ×2 · Genitour ×2
Match map
Initial resources + every placement click. Lines = walls · curves = elevation contours. ◆ gold · ⬟ stone · ● berries · ✦ relic · ◌ wall gap
Your base· ✓ Map-separated
Alex's base· ✓ Map-separated
Smoothed initial terrain · ◌ = detected wall gap · hover for details
Inputs per minute
— 115slayer - - Alex
Build order — 115slayer
First 150 of 354 actions detected
| 0:00 | Queue | Villager (Male) |
| 0:00 | Queue | Villager (Male) |
| 0:02 | Build | House |
| 0:05 | Build | House |
| 0:13 | Queue | Villager (Male) |
| 0:13 | Queue | Villager (Male) |
| 1:24 | Queue | Villager (Male) |
| 1:24 | Queue | Villager (Male) |
| 1:50 | Queue | Villager (Male) |
| 1:51 | Queue | Villager (Male) |
| 1:54 | Build | Mule Cart |
| 2:24 | Queue | Villager (Male) |
| 2:56 | Queue | Villager (Male) |
| 2:56 | Queue | Villager (Male) |
| 3:21 | Queue | Villager (Male) |
| 3:21 | Queue | Villager (Male) |
| 3:37 | Queue | Villager (Male) |
| 3:38 | Queue | Villager (Male) |
| 4:08 | Build | Dock |
| 4:10 | Queue | Villager (Male) |
| 4:10 | Queue | Villager (Male) |
| 4:28 | Queue | Villager (Male) |
| 4:29 | Queue | Villager (Male) |
| 4:48 | Queue | Fishing Ship |
| 5:00 | Queue | Villager (Male) |
| 5:00 | Queue | Villager (Male) |
| 5:27 | Queue | Villager (Male) |
| 5:53 | Queue | Villager (Male) |
| 5:58 | Queue | Fishing Ship |
| 6:07 | Build | House |
| 6:22 | Queue | Villager (Male) |
| 6:22 | Queue | Villager (Male) |
| 6:32 | Build | House |
| 6:35 | Build | House |
| 6:39 | Queue | Fishing Ship |
| 6:48 | Queue | Villager (Male) |
| 6:48 | Queue | Villager (Male) |
| 7:06 | Queue | Villager (Male) |
| 7:07 | Queue | Fishing Ship |
| 7:42 | Queue | Villager (Male) |
| 8:03 | Build | Mill |
| 8:10 | Queue | Villager (Male) |
| 8:26 | Build | Mule Cart |
| 8:27 | Queue | Villager (Male) |
| 9:03 | Queue | Villager (Male) |
| 9:03 | Queue | Villager (Male) |
| 9:18 | Research | Feudal Age |
| 9:18 | Research | Feudal Age |
| 9:28 | Queue | Fishing Ship |
| 10:02 | Queue | Villager (Male) |
| 10:12 | Build | Barracks |
| 10:52 | Build | House |
| 11:10 | Queue | Spearman |
| 11:14 | Queue | Spearman |
| 11:21 | Queue | Villager (Male) |
| 11:38 | Age | Feudal Age |
| 11:41 | Build | Market |
| 11:47 | Research | Double-Bit Axe |
| 12:19 | Build | Mule Cart |
| 12:25 | Build | Blacksmith |
| 12:28 | Queue | Villager (Male) |
| 12:43 | Queue | Villager (Male) |
| 13:09 | Build | House |
| 13:21 | Research | Loom |
| 13:48 | Research | Castle Age |
| 13:48 | Research | Castle Age |
| 13:52 | Build | House |
| 13:55 | Build | Mule Cart |
| 14:28 | Build | Dock |
| 14:38 | Build | Dock |
| 14:40 | Queue | Unit 2626 |
| 14:46 | Build | Stable |
| 15:06 | Queue | Fishing Ship |
| 15:25 | Queue | Fishing Ship |
| 15:26 | Queue | Fishing Ship |
| 15:35 | Research | Gold Mining |
| 16:15 | Queue | Fishing Ship |
| 16:18 | Queue | Fishing Ship |
| 16:20 | Queue | Fishing Ship |
| 16:21 | Queue | Fishing Ship |
| 16:28 | Age | Castle Age |
| 16:32 | Build | Town Center |
| 16:37 | Research | Bow Saw |
| 16:45 | Queue | Villager (Male) |
| 16:57 | Queue | Fishing Ship |
| 16:57 | Queue | Fishing Ship |
| 17:00 | Build | House |
| 17:00 | Build | House |
| 17:01 | Build | House |
| 17:17 | Queue | Villager (Male) |
| 17:22 | Queue | Villager (Male) |
| 17:35 | Queue | Fishing Ship |
| 17:35 | Queue | Fishing Ship |
| 17:36 | Queue | Knight |
| 17:37 | Queue | Knight |
| 18:01 | Queue | Villager (Male) |
| 18:09 | Build | Town Center |
| 18:13 | Research | Tech 906 |
| 18:14 | Queue | Fishing Ship |
| 18:14 | Queue | Fishing Ship |
| 18:14 | Queue | Fishing Ship |
| 18:14 | Queue | Fishing Ship |
| 18:18 | Queue | Knight |
| 18:18 | Queue | Knight |
| 18:32 | Queue | Galley |
| 18:32 | Queue | Galley |
| 18:39 | Queue | Villager (Male) |
| 18:39 | Queue | Villager (Male) |
| 18:40 | Queue | Villager (Male) |
| 18:58 | Build | Fish Trap |
| 19:00 | Build | Fish Trap |
| 19:03 | Build | Fish Trap |
| 19:12 | Queue | Villager (Male) |
| 19:12 | Queue | Villager (Male) |
| 19:21 | Queue | Villager (Male) |
| 19:21 | Queue | Villager (Male) |
| 19:30 | Queue | Villager (Male) |
| 19:37 | Queue | Villager (Male) |
| 19:37 | Queue | Villager (Male) |
| 19:48 | Queue | Villager (Male) |
| 19:48 | Queue | Villager (Male) |
| 19:51 | Build | Archery Range |
| 19:52 | Build | Archery Range |
| 19:54 | Queue | Villager (Male) |
| 19:54 | Queue | Villager (Male) |
| 20:13 | Build | Fish Trap |
| 20:32 | Queue | Villager (Male) |
| 20:32 | Queue | Villager (Male) |
| 20:43 | Queue | Villager (Male) |
| 20:44 | Queue | Villager (Male) |
| 20:48 | Build | Monastery |
| 20:53 | Build | Archery Range |
| 20:56 | Queue | Villager (Male) |
| 20:56 | Queue | Villager (Male) |
| 21:02 | Build | Farm |
| 21:02 | Build | Farm |
| 21:02 | Build | Farm |
| 21:02 | Build | Farm |
| 21:02 | Build | Farm |
| 21:07 | Queue | Villager (Male) |
| 21:07 | Queue | Villager (Male) |
| 21:18 | Build | Fish Trap |
| 21:20 | Queue | Villager (Male) |
| 21:26 | Queue | Skirmisher |
| 21:27 | Queue | Skirmisher |
| 21:35 | Queue | Warrior Priest |
| 21:40 | Build | House |
| 21:48 | Build | House |
| 21:52 | Queue | Villager (Male) |
| 21:58 | Queue | Villager (Male) |
Build order — Alex
First 150 of 184 actions detected
| 0:01 | Queue | Villager (Male) |
| 0:03 | Build | House |
| 0:21 | Queue | Villager (Male) |
| 0:21 | Queue | Villager (Male) |
| 0:31 | Queue | Villager (Male) |
| 1:49 | Queue | Villager (Male) |
| 1:49 | Queue | Villager (Male) |
| 2:18 | Build | Lumber Camp |
| 2:29 | Queue | Villager (Male) |
| 2:29 | Queue | Villager (Male) |
| 2:47 | Queue | Villager (Male) |
| 3:31 | Queue | Villager (Male) |
| 3:50 | Queue | Villager (Male) |
| 4:07 | Build | House |
| 4:39 | Queue | Villager (Male) |
| 5:06 | Queue | Villager (Male) |
| 5:11 | Build | Dock |
| 5:15 | Queue | Villager (Male) |
| 5:51 | Build | Mill |
| 6:06 | Queue | Villager (Male) |
| 6:06 | Queue | Villager (Male) |
| 6:14 | Queue | Fishing Ship |
| 6:26 | Build | House |
| 6:33 | Research | Loom |
| 6:50 | Queue | Villager (Male) |
| 7:12 | Queue | Fishing Ship |
| 7:13 | Queue | Fishing Ship |
| 7:24 | Queue | Villager (Male) |
| 7:40 | Build | Mill |
| 8:09 | Build | House |
| 8:32 | Queue | Villager (Male) |
| 8:38 | Queue | Villager (Male) |
| 8:43 | Queue | Fishing Ship |
| 9:19 | Queue | Villager (Male) |
| 9:28 | Queue | Fishing Ship |
| 9:32 | Build | House |
| 10:00 | Research | Feudal Age |
| 10:55 | Build | Barracks |
| 11:02 | Build | Mining Camp |
| 11:09 | Build | House |
| 11:12 | Build | Palisade Wall |
| 11:15 | Build | House |
| 11:17 | Build | Palisade Wall |
| 11:30 | Queue | Villager (Male) |
| 12:10 | Age | Feudal Age |
| 12:27 | Queue | Villager (Male) |
| 12:41 | Build | Archery Range |
| 12:44 | Build | House |
| 12:47 | Queue | Villager (Male) |
| 12:55 | Build | Palisade Wall |
| 13:21 | Queue | Villager (Male) |
| 13:34 | Build | Blacksmith |
| 13:36 | Build | Palisade Wall |
| 13:50 | Build | Mining Camp |
| 13:53 | Queue | Villager (Male) |
| 13:53 | Queue | Villager (Male) |
| 14:04 | Queue | Skirmisher |
| 14:04 | Queue | Skirmisher |
| 14:20 | Build | Lumber Camp |
| 14:37 | Research | Castle Age |
| 14:47 | Build | Farm |
| 14:54 | Research | Double-Bit Axe |
| 15:10 | Build | Farm |
| 15:25 | Research | Horse Collar |
| 15:38 | Build | Farm |
| 15:41 | Build | Farm |
| 15:47 | Build | Farm |
| 15:51 | Build | Farm |
| 16:08 | Build | Farm |
| 16:14 | Build | Farm |
| 16:49 | Queue | Villager (Male) |
| 16:49 | Queue | Villager (Male) |
| 17:23 | Age | Castle Age |
| 17:29 | Build | Town Center |
| 17:32 | Queue | Villager (Male) |
| 17:36 | Queue | Galley |
| 17:46 | Queue | Villager (Male) |
| 17:58 | Build | Farm |
| 18:10 | Queue | Genitour |
| 18:38 | Queue | Villager (Male) |
| 18:39 | Queue | Villager (Male) |
| 19:00 | Queue | Fishing Ship |
| 19:00 | Queue | Fishing Ship |
| 19:10 | Queue | Villager (Male) |
| 19:22 | Build | Castle |
| 19:28 | Build | House |
| 19:32 | Build | Palisade Wall |
| 19:34 | Build | Palisade Wall |
| 19:36 | Build | Palisade Wall |
| 19:41 | Build | House |
| 19:51 | Queue | Villager (Male) |
| 19:59 | Build | Monastery |
| 20:08 | Queue | Genitour |
| 20:14 | Build | Farm |
| 20:15 | Build | Farm |
| 20:18 | Build | Farm |
| 20:40 | Queue | Villager (Male) |
| 21:12 | Queue | Villager (Male) |
| 21:12 | Queue | Villager (Male) |
| 21:12 | Queue | Villager (Male) |
| 21:12 | Queue | Villager (Male) |
| 21:13 | Queue | Villager (Male) |
| 21:13 | Queue | Villager (Male) |
| 21:33 | Build | Lumber Camp |
| 21:46 | Build | House |
| 21:48 | Build | Palisade Wall |
| 21:50 | Queue | Monk |
| 22:03 | Build | Farm |
| 22:05 | Queue | Villager (Male) |
| 22:08 | Build | Farm |
| 22:37 | Queue | Camel Archer |
| 22:38 | Queue | Camel Archer |
| 23:11 | Queue | Villager (Male) |
| 23:12 | Queue | Villager (Male) |
| 23:14 | Queue | Camel Archer ×2 |
| 23:21 | Queue | Villager (Male) |
| 23:22 | Queue | Villager (Male) |
| 23:55 | Research | Fletching |
| 24:07 | Queue | Monk |
| 24:07 | Queue | Villager (Male) |
| 24:23 | Research | Bow Saw |
| 24:23 | Queue | Villager (Male) |
| 24:23 | Queue | Villager (Male) |
| 24:31 | Queue | Camel Archer |
| 24:32 | Research | Bodkin Arrow |
| 24:49 | Queue | Villager (Male) |
| 24:49 | Queue | Villager (Male) |
| 25:03 | Queue | Villager (Male) |
| 25:21 | Build | Castle |
| 25:26 | Build | Stable |
| 25:28 | Queue | Villager (Male) |
| 25:29 | Queue | Villager (Male) |
| 25:45 | Build | Town Center |
| 25:57 | Queue | Villager (Male) |
| 25:57 | Queue | Villager (Male) |
| 25:58 | Queue | Villager (Male) |
| 25:58 | Queue | Villager (Male) |
| 26:15 | Research | Light Cavalry (upgrade) |
| 26:23 | Build | Stable |
| 26:45 | Queue | Villager (Male) |
| 26:51 | Research | Scale Barding Armor |
| 26:52 | Research | Forging |
| 26:53 | Queue | Villager (Male) |
| 26:53 | Queue | Villager (Male) |
| 26:57 | Build | Farm |
| 26:59 | Build | Farm |
| 27:04 | Build | Farm |
| 27:06 | Build | Farm |
| 27:10 | Build | Fish Trap |
| 27:25 | Build | Farm |
Match timeline
| 4:08 | 115slayer · first_building Dock |
| 5:11 | Alex · first_building Dock |
| 10:12 | 115slayer · first_building Barracks |
| 10:55 | Alex · first_building Barracks |
| 11:12 | Alex · wall_segment Palisade Wall x1 |
| 11:17 | Alex · wall_segment Palisade Wall x4 |
| 11:38 | 115slayer · age_up feudal |
| 12:10 | Alex · age_up feudal |
| 12:41 | Alex · first_building Archery Range |
| 12:55 | Alex · wall_segment Palisade Wall x4 |
| 12:58 | 115slayer · first_market_buy 100 food |
| 13:36 | Alex · wall_segment Palisade Wall x1 |
| 13:38 | 115slayer · first_market_sell 100 wood |
| 14:46 | 115slayer · first_building Stable |
| 16:28 | 115slayer · age_up castle |
| 17:23 | Alex · age_up castle |
| 19:22 | Alex · first_building Castle |
| 19:32 | Alex · wall_segment Palisade Wall x1 |
| 19:34 | Alex · wall_segment Palisade Wall x1 |
| 19:36 | Alex · wall_segment Palisade Wall x1 |
| 19:51 | 115slayer · first_building Archery Range |
| 19:59 | Alex · first_building Monastery |
| 20:48 | 115slayer · first_building Monastery |
| 21:48 | Alex · wall_segment Palisade Wall x4 |
| 25:26 | Alex · first_building Stable |
| 26:46 | 115slayer · first_building Castle |
| 27:05 | 115slayer · wall_segment Stone Wall x3 |
| 31:13 | 115slayer · age_up imperial |
| 31:22 | Alex · resign |
[ AI ANALYSIS · 1 CREDIT ]
What really happened in this match?
Wolo.gg analyzes every decision: build order, eco, micro, common mistakes by bracket. Personalized analysis on WhatsApp or Discord in 30 seconds.
Civ guide
Armenians
Perfil
Jugador #269466